 Dungeon Crawl Stone Soup version 0.19-a0-1920-g83281cb (webtiles) character file.

1089 JeffiDaFish the Cleaver (level 8, -4/68 HPs)
             Began as a Hill Orc Fighter on Oct 24, 2016.
             Slain by Duvessa
             ... wielding a +4 rapier of protection
              (9 damage)
             ... on level 5 of the Dungeon.
             The game lasted 00:10:49 (4225 turns).

JeffiDaFish the Cleaver (Hill Orc Fighter)          Turns: 4225, Time: 00:10:50

Health: -4/68      AC: 17    Str: 21    XL:     8   Next: 31%
Magic:  8/8        EV:  5    Int:  8    God:
Gold:   202        SH: 12    Dex: 12    Spells: 1 memorised, 6 levels left

rFire  . . .     SeeInvis .     a - +0 war axe
rCold  . . .     Gourm    .     p - +5 plate armour
rNeg   + . .     Faith    .     c - +2 shield
rPois  .         Spirit   .     (helmet restricted)
rElec  .         Reflect  .     (no cloak)
rCorr  .         Harm     .     (no gloves)
MR     .....                    (no boots)
Stlth  ..........               i - amulet of rage
                                l - +2 ring of dexterity
                                e - ring of positive energy

@: no status effects
A: horns 1
a: Evoke Berserk Rage


You were on level 5 of the Dungeon.
You were hungry.

You visited 1 branch of the dungeon, and saw 5 of its levels.

You collected 202 gold pieces.

Inventory:

Hand Weapons
 a - a +0 war axe (weapon)
 d - a +1 scythe of freezing
Armour
 c - a +2 shield (worn)
 j - a +2 helmet
 p - a +5 plate armour (worn)
Jewellery
 e - a ring of positive energy (left hand)
 i - an amulet of rage (around neck)
 l - a +2 ring of dexterity (right hand)
 n - an uncursed ring of fire
Scrolls
 b - a scroll of recharging
 o - a scroll of fear
 q - a scroll of identify
Potions
 m - a potion of flight
 r - a potion of curing
Books
 g - a book of Minor Magic

   Spells                             Type                      Level
   a - Magic Dart                     Conjuration                  1
   b - Blink                          Translocation                2
   c - Call Imp                       Summoning                    2
   d - Repel Missiles                 Charms/Air                   2
   e - Slow                           Hexes                        2
   f - Conjure Flame                  Conjuration/Fire             3
   g - Mephitic Cloud                 Conjuration/Poison/Air       3
Comestibles
 f - 2 bread rations
 h - 6 fruits
 k - a slice of pizza
 s - 2 chunks of flesh


   Skills:
 + Level 5.2 Fighting
 + Level 8.7 Axes
 + Level 5.3 Armour
 - Level 1.1 Dodging
 - Level 0.5 Stealth
 + Level 5.7 Shields
 * Level 0.2 Spellcasting
 + Level 0.2 Conjurations


You had 6 spell levels left.
You knew the following spells:

 Your Spells              Type           Power        Failure   Level  Hunger
a - Magic Dart            Conj           #...         100%        1    ##.....


Dungeon Overview and Level Annotations

Branches:
Dungeon (5/15)             Temple (0/1) D:4

Altars:
Elyvilon
Kikubaaqudgha
Nemelex Xobeh
Ru
Vehumet

Shops:
D:5 *

Annotations:
D:5 Duvessa


Innate Abilities, Weirdness & Mutations

You have a pair of small horns on your head.


Message History

* * * LOW HITPOINT WARNING * * *
Duvessa hits you but does no damage.
You closely miss Duvessa. Your headbutt misses Duvessa.
Duvessa is severely wounded.
Duvessa hits you but does no damage. You block Duvessa's attack.
You hit Duvessa but do no damage.
Duvessa is severely wounded.
Duvessa hits you but does no damage.
You hit Duvessa but do no damage. Your headbutt misses Duvessa.
Duvessa is severely wounded.
You block Duvessa's attack. x2
You closely miss Duvessa.
Duvessa is severely wounded.
You are no longer glowing.
You block Duvessa's attack.
You hit Duvessa but do no damage. You headbutt Duvessa, but do no damage.
Duvessa is severely wounded.
You block Duvessa's attack.
Duvessa hits you with a rapier of protection!
You die...

#...# #.###..#
#...###......######
#.................#
#....#####....###..
#....# #..###
#....# ##.##♣
#....# #..# #....#
#.## #e@..# #.#
#)...# #.##
......$# #..#
.?.......# #..##♣
♣# ...........#
#...### ###
...........#
#.....###..
...........#
##.##.....#
#######+#.##
#.######.. #.# ###


You could see Duvessa (berserk).

Vanquished Creatures
  Sigmund (D:2)
  An orc warrior (D:4)
  2 ogres
  Dowan (D:5)
  2 crimson imps (D:5)
  A gnoll shaman (D:4)
  5 orc wizards (D:4)
  2 worker ants (D:4)
  2 iguanas (D:4)
  Robin (D:3)
  9 gnolls (D:4)
  6 adders
  An adder skeleton (D:4)
  2 worms (D:2)
  A dart slug (D:1)
  7 leopard geckos
  14 orcs
  2 ball pythons
  3 giant cockroaches
  14 goblins
  9 hobgoblins
  6 quokkas
  6 bats
  4 frilled lizards
  6 kobolds
  A leopard gecko skeleton (D:4)
  4 rats
113 creatures vanquished.

Notes
Turn   | Place    | Note
-------+----------+-------------------------------------------
     0 | D:1      | JeffiDaFish the Hill Orc Fighter began the quest for the Orb.
     0 | D:1      | Reached XP level 1. HP: 19/19 MP: 1/1
   224 | D:1      | Reached XP level 2. HP: 27/27 MP: 2/2
   328 | D:1      | Reached skill level 3 in Axes
   744 | D:2      | Found a faded altar of an unknown god.
   744 | D:2      | Found a faded altar of an unknown god.
   749 | D:2      | Found a faded altar of an unknown god.
   751 | D:2      | Found a white marble altar of Elyvilon.
   753 | D:2      | Found an ancient bone altar of Kikubaaqudgha.
   803 | D:2      | Reached XP level 3. HP: 33/33 MP: 3/3
  1421 | D:2      | Reached XP level 4. HP: 40/40 MP: 4/4
  1462 | D:2      | Noticed Sigmund
  1483 | D:2      | Killed Sigmund
  1483 | D:2      | Reached skill level 5 in Axes
  1483 | D:2      | Reached skill level 1 in Dodging
  1483 | D:2      | Reached XP level 5. HP: 26/46 MP: 5/5
  1483 | D:2      | Reached XP level 6. HP: 30/52 MP: 6/6
  1891 | D:3      | Gained mutation: You have a pair of small horns on your head. [potion of beneficial mutation]
  2173 | D:3      | Found a radiant altar of Vehumet.
  2260 | D:3      | Noticed Robin
  2277 | D:3      | Killed Robin
  2277 | D:3      | Reached skill level 5 in Shields
  2945 | D:4      | Reached skill level 6 in Axes
  2945 | D:4      | Reached XP level 7. HP: 34/60 MP: 7/7
  2946 | D:4      | Found a radiant altar of Vehumet.
  3068 | D:4      | Found a staircase to the Ecumenical Temple.
  3130 | D:4      | Reached skill level 7 in Axes
  3273 | D:4      | Reached skill level 5 in Armour
  3626 | D:4      | Found a sacrificial altar of Ru.
  3626 | D:4      | Found a sparkling altar of Nemelex Xobeh.
  3694 | D:4      | Reached skill level 5 in Fighting
  3711 | D:4      | Reached skill level 8 in Axes
  3811 | D:4      | Reached XP level 8. HP: 68/68 MP: 8/8
  3852 | D:5      | Entered Level 5 of the Dungeon
  4144 | D:5      | Learned a level 1 spell: Magic Dart
  4151 | D:5      | Found Jonu Xoul's Assorted Antiques.
  4201 | D:5      | Noticed Duvessa
  4201 | D:5      | Noticed Dowan
  4209 | D:5      | Killed Dowan
  4220 | D:5      | HP: 3/68 [Duvessa/rapier of protection (2)]
  4225 | D:5      | Slain by Duvessa

Vault maps used:
D:1:      evilmike_arrival_crescent
D:2:      chequers_temple_overflow_minitemple, uniq_sigmund
D:3:      vehumet_crystals, chequers_big_river, minmay_misc_feat_more_columns,
          kennysheep_generic_room_11, uniq_robin
D:4:      gammafunk_temple_overflow_pools, first_bread, minmay_ruined_shrine
D:5:      cheibrodos_iron_armory, serial_shops, shop, uniq_menkaure,
          uniq_duvessa

Skill      XL: |  1  2  3  4  5  6  7 |
---------------+----------------------+-----
Axes           | 3 5 6 8 |  8.7
Shields        | 4 5 |  5.7
Fighting       | 4 5 |  5.2
Armour         | 4 5 |  5.3
Dodging        | 1 |  1.1
Stealth        | |  0.5
Spellcasting   | |  0.2
Conjurations   | |  0.2

Action                   |  1- 3 |  4- 6 |  7- 9 || total
-------------------------+-------+-------+-------++-------
Melee: War axe           |   109 |   126 |   133 ||   368
       Headbutt          |       |    12 |    23 ||    35
  Use: Potion            |     5 |     3 |       ||     8
       Scroll            |     4 |     8 |     3 ||    15
  Eat: Chunk             |     2 |     4 |     4 ||    10
       Fruit             |       |     1 |       ||     1
Armor: Scale mail        |    29 |    29 |       ||    58
       Plate armour      |       |     8 |    73 ||    81
Dodge: Dodged            |    35 |    24 |    21 ||    80
Block: Shield            |    70 |    60 |    83 ||   213
